AoeStats
← Dragon

Arena

506499589Analyzed
4v4 RM · 19d ago on Sep 13, 2026· 43m 42s· 8 players
Game mode
Random Map
Map size
Large (8 player)
Population
200
Speed
Normal
Resources
Standard
Victory
Conquest
Starting age
Dark Age
Ending age
Imperial Age
RankedLock teamsTeams togetherTeam positionsShared explorationLock speedFull tech treeHidden civsTurbo modeCheats
Victory
Defeat
🇩🇪 Hindustanis · Germany
1322
+14
🇩🇪 Italians · Germany
1302
+15
🇩🇪 Portuguese · Germany
1300
+15
🇩🇪 Georgians · Germany
1299
+15
🇵🇰 Mongols · Pakistan
1560
-24
🇭🇰 Khmer · Hong Kong SAR China
1325
-16
🇧🇷 Teutons · Brazil
1257
-14
🇺🇸 Jurchens · United States
982
-5
Who am I
10:45 Feudal Age
14:30 Castle Age
13:03 Horse Collar
13:09 Double-Bit Axe
15:11 Wheelbarrow
17:55 Loom
20:59 Heavy Plow
20:52 Gold Mining
22:40 Bow Saw
22:22 Stone Mining
24:47 Hand Cart
26:12 Stone Shaft Mining
30:55 Imperial Age
31:06 Imperial Age
29:34 Scale Barding Armor
29:39 Forging
29:21 Fletching
29:14 Treadmill Crane
31:07 Bloodlines
30:58 Husbandry
32:30 Conscription
31:32 Elite Monaspa
32:36 Chain Barding Armor
32:52 Iron Casting
33:13 Aznauri Cavalry
33:14 Svan Towers
33:40 Ballistics
33:21 Bodkin Arrow
34:15 Crop Rotation
35:49 Hoardings
36:19 Plate Barding Armor
36:45 Blast Furnace
35:46 Bracer
35:39 Guard Tower
35:48 Herbal Medicine
41:31 Keep
41:02 Siege Engineers
40:42 Arrowslits
41:58 Chemistry
40:54 Murder Holes
41:10 Masonry
Nino
9:36 Feudal Age
13:38 Castle Age
12:04 Horse Collar
13:45 Double-Bit Axe
20:27 Wheelbarrow
22:44 Bow Saw
22:41 Heavy Plow
23:49 Hand Cart
31:17 Imperial Age
29:33 Gold Mining
29:36 Stone Mining
30:17 Scale Barding Armor
30:14 Scale Mail Armor
30:17 Husbandry
30:28 Bloodlines
29:39 Light Cavalry
30:35 Town Watch
31:19 Heavy Camel Rider
31:27 Hussar
33:25 Chemistry
33:29 Imperial Camel Rider
34:32 Chain Barding Armor
34:27 Chain Mail Armor
Dragon
5:02 Loom
10:09 Feudal Age
16:44 Castle Age
16:07 Double-Bit Axe
18:53 Bow Saw
18:53 Horse Collar
24:54 Imperial Age
22:19 Gold Mining
24:00 Fletching
25:32 Ballistics
25:36 Bodkin Arrow
25:43 Padded Archer Armor
29:09 Conscription
31:49 Leather Archer Armor
32:50 Bracer
34:33 Chemistry
38:46 Ring Archer Armor
siggi-lok
12:24 Feudal Age
15:56 Castle Age
13:59 Horse Collar
16:12 Double-Bit Axe
16:33 Loom
17:35 Heavy Plow
24:46 Fletching
25:15 Fletching
31:10 Imperial Age
30:45 Wheelbarrow
29:56 Town Watch
30:04 Gold Mining
30:26 Bow Saw
30:09 Stone Mining
31:23 Scale Mail Armor
31:33 Forging
31:49 Fortified Wall
33:13 Chemistry
31:55 Pikeman
36:09 Conscription
36:09 Arquebus
36:02 Halberdier
37:40 Chain Mail Armor
41:14 Siege Engineers
42:09 Plate Mail Armor
42:14 Iron Casting
Level 2 Slime
11:04 Feudal Age
14:54 Castle Age
12:55 Double-Bit Axe
12:59 Horse Collar
16:41 Wheelbarrow
16:56 Bow Saw
19:06 Heavy Plow
24:56 Hand Cart
26:40 Town Watch
26:41 Loom
29:00 Fortified Bastions
31:56 Imperial Age
30:09 Fortified Wall
30:34 Gold Mining
30:34 Stone Mining
32:02 Fletching
32:25 Town Patrol
32:55 Siege Engineers
33:38 Conscription
33:47 Fortified Bastions
33:52 Bodkin Arrow
34:47 Bodkin Arrow
35:29 Heavy Scorpion
37:46 Heavy Rocket Cart
39:00 Ballistics
虫
11:52 Feudal Age
15:41 Castle Age
13:56 Double-Bit Axe
14:04 Horse Collar
16:35 Bow Saw
16:41 Heavy Plow
21:06 Wheelbarrow
21:59 Gold Mining
23:19 Hand Cart
23:43 Gold Shaft Mining
22:56 Loom
25:49 Husbandry
25:59 Bloodlines
27:47 Scale Barding Armor
27:53 Forging
33:30 Chain Barding Armor
34:57 Iron Casting
35:56 Fortified Wall
39:12 Imperial Age
36:56 Stone Mining
36:53 Town Watch
38:16 Stone Shaft Mining
38:34 Ballistics
39:31 Town Patrol
41:03 Chemistry
41:00 Double Crossbow
VictorWdeO
11:37 Feudal Age
15:51 Castle Age
14:34 Double-Bit Axe
14:30 Horse Collar
17:01 Wheelbarrow
20:16 Scale Barding Armor
21:06 Bow Saw
23:08 Hand Cart
23:58 Heavy Plow
23:50 Gold Mining
24:46 Loom
26:57 Forging
28:47 Bloodlines
29:44 Chain Barding Armor
30:00 Iron Casting
31:51 Town Watch
35:13 Imperial Age
34:26 Squires
34:11 Arson
33:47 Pikeman
35:48 Scale Mail Armor
35:18 Cavalier
37:07 Plate Barding Armor
37:26 Conscription
40:22 Blast Furnace
39:37 Chain Mail Armor
39:39 Halberdier
42:37 Masonry
Leviツ
10:04 Feudal Age
13:40 Castle Age
12:02 Double-Bit Axe
12:28 Horse Collar
15:06 Bow Saw
22:12 Wheelbarrow
22:10 Heavy Plow
23:48 Gold Mining
23:49 Stone Mining
25:57 Hand Cart
29:28 Imperial Age
27:08 Fletching
27:19 Padded Archer Armor
27:14 Loom
28:30 Ballistics
28:34 Bloodlines
28:25 Husbandry
28:22 Bodkin Arrow
28:33 Scale Barding Armor
29:06 Forging
28:37 Light Cavalry
30:09 Chain Barding Armor
29:35 Capped Ram
30:48 Conscription
31:49 Drill
31:16 Siege Ram
32:07 Elite Mangudai
33:24 Leather Archer Armor
33:13 Bracer
35:20 Hussar
36:52 Coinage
37:40 Chemistry
37:47 Onager
39:45 Masonry
Connection lost

Rejoining the realm…

Still unreachable

The connection could not be restored.

Session expired

The server has moved on; the page needs a fresh start.